 Dungeon Crawl Stone Soup version 0.17.0-1-g61d176b (webtiles) character file.

128 Medar the Shield-Bearer (level 4, -2/35 HPs)
             Began as a Minotaur Air Elementalist on Nov 7, 2015.
             Killed by divine providence
             ... invoked by an orc priest
              (12 damage)
             ... on level 3 of the Dungeon.
             The game lasted 00:10:27 (3006 turns).

Medar the Shield-Bearer (Minotaur Air Elementalist) Turns: 3006, Time: 00:10:27

Health: -2/35      AC:  7    Str: 14    XL:     4   Next: 87%
Magic:  1/5        EV: 11    Int: 12    God:
Gold:   183        SH:  4    Dex: 10    Spells: 0 memorised, 5 levels left

rFire  . . .     SeeInvis .     a - +0 long sword
rCold  + . .     Clarity  .     k - +2 ring mail {rC+}
rNeg   . . .     SustAt   .     h - +0 buckler
rPois  .         Gourm    .     (helmet restricted)
rElec  .         Spirit   .     (no cloak)
rCorr  .         Warding  .     (no gloves)
rMut   .         Stasis   .     (no boots)
MR     .....                    (no amulet)
Stlth  ++........               t - ring of stealth
                                (no ring)

@: very slightly contaminated, not resistant to hostile enchantments, unstealthy
A: retaliatory headbutt, horns 2
a: no special abilities


You were on level 3 of the Dungeon.
You were hungry.

You visited 1 branch of the dungeon, and saw 3 of its levels.

You collected 183 gold pieces.

Inventory:

Hand Weapons
 a - a +0 long sword (weapon)
 d - a +0 whip
 f - a +0 mace
 i - a cursed +0 spear
Missiles
 p - 2 tomahawks (quivered)
Armour
 e - a +0 large shield
 h - a +0 buckler (worn)
 k - a +2 ring mail of cold resistance (worn)
 w - a +0 robe
Jewellery
 t - a ring of stealth (right hand)
Wands
 n - a wand of slowing (7)
Scrolls
 g - a scroll of amnesia
 m - a scroll of recharging {unknown}
 q - a scroll of blinking {unknown}
 u - a scroll of identify {unknown}
Potions
 r - a potion of poison
Books
 b - a book of Air

   Spells                             Type                      Level
   a - Shock                          Conjuration/Air              1
   b - Swiftness                      Charms/Air                   2
   c - Repel Missiles                 Charms/Air                   2
   d - Static Discharge               Conjuration/Air              3
   e - Lightning Bolt                 Conjuration/Air              5
Comestibles
 c - 2 bread rations {@e1}
 o - 2 meat rations {@e2}
 v - a slice of pizza


   Skills:
 - Level 1.3 Fighting
 * Level 1.9 Long Blades
 - Level 2.5 Maces & Flails
 - Level 1.0 Armour
 - Level 2.7 Dodging
 - Level 1.5 Stealth
 + Level 3.0 Shields
 - Level 1.3 Spellcasting
   Level 0.6 Conjurations
   Level 2.1 Air Magic


You had 5 spell levels left.
You didn't know any spells.

Dungeon Overview and Level Annotations

Branches:
Dungeon (3/15)

Altars:

Annotations:
D:3 Ijustatesigmund's ghost, amateur GrMo


Innate Abilities, Weirdness & Mutations

You reflexively headbutt those who attack you in melee.
You have a pair of horns on your head.


Message History

The orc is moderately wounded.
The orc hits you with a dagger.
You hit the orc but do no damage.
The orc is moderately wounded.
The orc closely misses you. You furiously retaliate!
You headbutt the orc, but do no damage. You barely miss the orc.
The orc is moderately wounded.
The orc hits you with a dagger.
* * * LOW HITPOINT WARNING * * *
The orc hits you with a dagger.
* * * LOW HITPOINT WARNING * * *
Read which item? (? for menu, Esc to quit)
As you read the scroll labeled DOUBEM IJAWK, it crumbles to dust.
Forget which spell ([?*] list [ESC] exit)?
Your memory of Shock unravels.
It was a scroll of amnesia.
The orc hits you but does no damage.
The orc priest calls down the wrath of Beogh upon you.
Something smites you!
You die...

#############
#...oo.o.o..#
#.########.##
#o# #.# #@#
#.# #.# #.#
#.# #.# #.#
#.# #.#


You could see an orc priest and an orc.

Vanquished Creatures
  Jessica (D:3)
  4 adders
  2 giant geckos
  9 orcs
  6 bats
  A giant cockroach (D:3)
  8 goblins
  4 hobgoblins
  5 jackals (D:1)
  7 kobolds
  A quokka (D:2)
  A giant newt (D:1)
  7 rats
56 creatures vanquished.

Notes
Turn   | Place    | Note
--------------------------------------------------------------
     0 | D:1      | Medar the Minotaur Air Elementalist began the quest for the Orb.
     0 | D:1      | Reached XP level 1. HP: 14/14 MP: 1/1
   163 | D:1      | Reached skill level 1 in Armour
   243 | D:1      | Reached skill level 1 in Fighting
   243 | D:1      | Reached XP level 2. HP: 7/23 MP: 0/3
   813 | D:1      | Reached skill level 1 in Shields
  1086 | D:1      | Reached XP level 3. HP: 24/28 MP: 4/4
  1209 | D:2      | Reached skill level 1 in Maces & Flails
  1987 | D:2      | Reached XP level 4. HP: 32/35 MP: 5/5
  2442 | D:3      | Noticed Ijustatesigmund's ghost (amateur GrMo)
  2465 | D:3      | Noticed Jessica
  2478 | D:3      | Killed Jessica
  2478 | D:3      | Reached skill level 1 in Long Blades
  2478 | D:3      | Reached skill level 3 in Shields
  3006 | D:3      | Killed from afar by an orc priest

Action                   |  1- 3 |  4- 6 || total
-------------------------+-------+-------++-------
Melee: Whip              |    32 |       ||    32
       Unarmed           |     8 |       ||     8
       Mace              |    54 |    19 ||    73
       Long sword        |       |    41 ||    41
 Cast: Shock             |    17 |     3 ||    20
Evoke: Wand              |     6 |     1 ||     7
  Use: Potion            |     2 |     3 ||     5
       Scroll            |       |     1 ||     1
 Stab: Sleeping          |       |     2 ||     2
  Eat: Chunk             |     4 |     3 ||     7
